 Dungeon Crawl Stone Soup version 0.18-a0-27-g1f73fa3 (webtiles) character file.

23 Ordine the Charmwright (level 2, -4/22 HPs)
             Began as a Merfolk Skald on Nov 4, 2015.
             Slain by a worm (8 damage)
             ... on level 2 of the Dungeon.
             The game lasted 00:02:19 (849 turns).

Ordine the Charmwright (Merfolk Skald)               Turns: 849, Time: 00:02:19

Health: -4/22      AC:  4    Str: 12    XL:     2   Next: 95%
Magic:  5/5        EV: 11    Int: 11    God:
Gold:   53         SH:  0    Dex: 13    Spells: 1 memorised, 4 levels left

rFire  . . .     SeeInvis +     a - +0 spear
rCold  . . .     Clarity  .     b - +0 leather armour
rNeg   . . .     SustAt   .     (no shield)
rPois  .         Gourm    .     (helmet restricted)
rElec  .         Spirit   .     (no cloak)
rCorr  .         Warding  .     (no gloves)
rMut   .         Stasis   .     k - +0 pair of boots
MR     .....                    (no amulet)
Stlth  +.........               (no ring)
                                j - ring of see invisible

@: not resistant to hostile enchantments, very unstealthy
A: change form in water, swift swim, horns 1, see invisible, screaming 1
a: no special abilities


You were on level 2 of the Dungeon.
You were not hungry.

You visited 1 branch of the dungeon, and saw 2 of its levels.

You collected 53 gold pieces.

Inventory:

Hand Weapons
 a - a +0 spear (weapon)
Armour
 b - a +0 leather armour (worn)
 k - a +0 pair of boots (worn)
Jewellery
 j - a ring of see invisible (left hand)
Scrolls
 e - a scroll of noise {unknown}
Potions
 h - 2 potions of heal wounds {unknown}
 n - a potion of experience {unknown}
Books
 c - a book of Battle

   Spells                             Type                      Level
   a - Infusion                       Charms                       1
   b - Shroud of Golubria             Charms/Translocation         2
   c - Song of Slaying                Charms                       2
   d - Spectral Weapon                Hexes/Charms                 3
   e - Regeneration                   Charms/Necromancy            3
Comestibles
 d - a bread ration
 l - 2 meat rations
 m - a beef jerky


   Skills:
 - Level 2.1 Fighting
 + Level 3.4 Polearms
 - Level 0.6 Armour
 - Level 1.3 Dodging
 - Level 2.0 Spellcasting
 * Level 4.2 Charms


You had 4 spell levels left.
You knew the following spells:

 Your Spells              Type           Power        Failure   Level  Hunger
a - Infusion              Chrm           ##....       10%         1    ##.....


Dungeon Overview and Level Annotations

Branches:
Dungeon (2/15)

Altars:


Innate Abilities, Weirdness & Mutations

You revert to your normal form in water.
You are very nimble and swift while swimming.
You have a pair of small horns on your head.
You have supernaturally acute eyesight.
You occasionally shout uncontrollably at your foes.


Message History

The worm is moderately wounded.
You hit the worm but do no damage.
The worm is moderately wounded.
The worm bites you!
Ouch! That really hurt!
You hit the worm.
The worm is moderately wounded.
The worm bites you.
You hit the worm.
The worm is moderately wounded.
You hit the worm.
The worm is heavily wounded.
The worm bites you.
* * * LOW HITPOINT WARNING * * *
You are too injured to fight recklessly!
You are too injured to fight recklessly!
You are too injured to fight recklessly!
You are too injured to fight recklessly!
The worm bites you!
You die...

#............#
#......# ###
#......###<#
#..........#
#.........†#
#.#........#
.. #........#
## #........#
#?@......#
#$w....(.#
#........#
#....###.#
#....# #
#....# #....#
#....#


You could see a worm.

Vanquished Creatures
  3 giant cockroaches (D:1)
  2 goblins (D:1)
  2 hobgoblins (D:1)
  6 kobolds (D:1)
  2 bats (D:1)
  2 giant newts (D:1)
  5 rats
22 creatures vanquished.

Notes
Turn   | Place    | Note
--------------------------------------------------------------
     0 | D:1      | Ordine the Merfolk Skald began the quest for the Orb.
     0 | D:1      | Reached XP level 1. HP: 16/16 MP: 3/3
   273 | D:1      | Reached XP level 2. HP: 20/22 MP: 5/5
   353 | D:1      | Reached skill level 4 in Charms
   795 | D:1      | Gained mutation: You have a pair of small horns on your head. [potion of mutation]
   795 | D:1      | Gained mutation: You have supernaturally acute eyesight. [potion of mutation]
   795 | D:1      | Gained mutation: You occasionally shout uncontrollably at your foes. [potion of mutation]
   849 | D:2      | Slain by a worm

Vault maps used:
D:1:      matt_arrival_grand_opening
D:2:      kennysheep_six_static_rooms, first_bread, feat_on_display, uniq_robin

Action                   || total
-------------------------++-------
Melee: Spear             ||   100
  Use: Scroll            ||     4
       Potion            ||     1
